 Dungeon Crawl Stone Soup version 0.31.0-32-g396128a36d (webtiles) character file.

Game seed: 16318248167581268080

246 abcrawler the Trooper (level 6, -6/41 HPs)
             Began as a Gargoyle Fighter on Mar 22, 2024.
             Mangled by an iguana (10 damage)
             ... on level 5 of the Dungeon.
             The game lasted 00:09:02 (3173 turns).

abcrawler the Trooper (Gargoyle Fighter)            Turns: 3173, Time: 00:09:02

Health: -6/41      AC: 11    Str: 17 (20) XL:     6   Next: 11%
Magic:  6/6        EV:  9    Int:  6 (8)  God:
Gold:   136        SH:  4    Dex: 10 (11) Spells: 5/5 levels left

rFire   . . .        a - +0 flail
rCold   . . .        c - +0 buckler
rNeg    + . .        b - +0 scale mail
rPois   ∞            (no helmet)
rElec   +            (no cloak)
rCorr   .            (no gloves)
SInv    .            (no boots)
Will    .....        (no amulet) Stlth
                     (no ring)
HPRegen 0.26/turn    (no ring)
MPRegen 0.10/turn

%: no passive effects
@: no status effects
A: sickness immunity, AC +4, negative energy resistance 1, electricity
resistance, torment resistance 1, petrification resistance
a: no special abilities


You were on level 5 of the Dungeon.
You visited 1 branch of the dungeon, and saw 5 of its levels.

You collected 136 gold pieces.

Inventory:

Hand Weapons
 a - a +0 flail (weapon)
Missiles
 n - 6 atropa-tipped darts
 p - 11 stones (quivered)
 t - a throwing net {!f}
 u - 2 poisoned darts
Armour
 b - a +0 scale mail (worn)
 c - a +0 buckler (worn)
Magical Staves
 e - a staff of conjuration {!a}
   (You found it on level 2 of the Dungeon)
Jewellery
 f - an amulet of faith {!P}
   (You found it on level 1 of the Dungeon)
 v - a ring of ice
   (You found it on level 4 of the Dungeon)
Wands
 x - a wand of acid (10)
   (You found it on level 4 of the Dungeon)
Scrolls
 i - 2 scrolls of teleportation {unknown}
 j - 3 scrolls of identify {unknown}
 k - a scroll of brand weapon {unknown}
 m - 2 scrolls of blinking {unknown}
 q - a scroll of enchant weapon {unknown}
 w - a scroll of immolation {unknown}
 y - a scroll of enchant armour {unknown}
 A - a scroll of amnesia {unknown}
Potions
 d - a potion of might
 g - a potion of attraction {unknown}
 h - 2 potions of curing {unknown}
 l - 2 potions of degeneration {!q}
 o - a potion of haste {unknown}
 r - a potion of mutation {unknown}
 s - a potion of berserk rage {unknown}
 z - a potion of heal wounds {unknown}


   Skills:
 - Level 6.0 Fighting
 + Level 2.9 Maces & Flails
 - Level 3.2 Armour
 * Level 4.7 Shields


You had 5 spell levels left.
You didn't know any spells.
Your spell library contained the following spells:

 Spells                   Type           Power      Damage    Failure   Level
 Blink                    Tloc           0%         N/A       97%         2
 Ensorcelled Hibernation  Hex/Ice        0%         N/A       97%         2
 Passwall                 Erth           0%         N/A       99%         3
 Swiftness                Air            0%         N/A       99%         3
 Teleport Other           Tloc           0%         N/A       99%         3
 Haunt                    Necr/Summ      0%         N/A       100%        7
 Monstrous Menagerie      Summ           0%         N/A       100%        7


Dungeon Overview and Level Annotations

Branches:
Dungeon (4/15)
 Temple: D:4-7

Altars:


Innate Abilities, Weirdness & Mutations

You are immune to sickness and miasma.
Your stone body is resilient. (AC +4)
You are immune to poison.
You resist negative energy. (rN+)
You are resistant to electric shocks. (rElec)
You are resistant to unholy torment.
You are immune to petrification.


Message History

You barely miss the iguana. The iguana closely misses you.
You hit the iguana. The iguana bites you!
You hit the iguana.
You kill the iguana!
The iguana barely misses you.
You hit the iguana. The iguana barely misses you.
You hit the iguana but do no damage. The iguana bites you.
You hit the iguana but do no damage. The iguana bites you.
* * * LOW HITPOINT WARNING * * *
The iguana barely misses you.
You sock the iguana!
An iguana comes into view.
The iguana closely misses you.
The iguana hisses angrily.
You hit the iguana. The iguana closely misses you.
You thump the iguana!
You kill the iguana!
You have reached level 6!
Throw: 14 stones
Press: ? - help, Q - select action, (/) - cycle Shift-Dir - straight line, f - iguana
Aim: an iguana (60% to hit)
You throw a stone. The stone closely misses the iguana.
Throw: 13 stones
Press: ? - help, Q - select action, (/) - cycle Shift-Dir - straight line, f/p - iguana
Aim: an iguana (60% to hit)
You throw a stone. The stone completely misses the iguana.
Throw: 12 stones
Press: ? - help, Q - select action, (/) - cycle Shift-Dir - straight line, f/p - iguana
Aim: an iguana (60% to hit)
You throw a stone. The stone barely misses the iguana.
You barely miss the iguana. The iguana closely misses you.
You hit the iguana but do no damage. The iguana bites you.
* * * LOW HITPOINT WARNING * * *
You hit the iguana but do no damage. The iguana barely misses you.
The iguana completely misses you.
You closely miss the iguana. You block the iguana's attack.
You barely miss the iguana. The iguana bites you.
* * * LOW HITPOINT WARNING * * *
You hit the iguana.
The iguana bites you but does no damage.
You hit the iguana but do no damage. The iguana barely misses you.
The iguana bites you but does no damage.
You barely miss the iguana. The iguana bites you!
* * * LOW HITPOINT WARNING * * *
Unknown command.
It was a potion of degeneration.
There was something very wrong with that liquid.
You feel weakened.
You feel dopey.
You feel clumsy. The iguana bites you!
You die...

# .>## #. ....#
#.######...#
##+##.....##...#
..........##...#
..........##...#
..........##...#
...............#
..........##@#.#
..........##l#
..........##.#
..........##.#
.####.######.#
#.. #.# #.# #.#
#. #.# .. #.#


You could see an iguana.

Vanquished Creatures
  A jelly (D:4)
  3 iguanas
  4 adders
  2 dart slugs (D:1)
  5 ribbon worms
  10 orcs
  5 bats
  5 endoplasms
  6 giant cockroaches
  5 goblins
  6 hobgoblins
  4 jackals (D:3)
  7 kobolds
  5 quokkas
  4 ball pythons
  4 frilled lizards (D:1)
  5 rats
81 creatures vanquished.

Notes
Turn   | Place    | Note
-------+----------+-------------------------------------------
     0 | D:1      | abcrawler the Gargoyle Fighter began the quest for the Orb.
     0 | D:1      | Reached XP level 1. HP: 14/14 MP: 1/1
   133 | D:1      | Reached XP level 2. HP: 20/20 MP: 2/2
   148 | D:1      | Reached skill level 4 in Fighting
   376 | D:1      | Reached XP level 3. HP: 24/24 MP: 3/3
   725 | D:2      | Reached skill level 5 in Fighting
   782 | D:2      | Reached XP level 4. HP: 31/31 MP: 4/4
  2210 | D:3      | Reached skill level 6 in Fighting
  2604 | D:4      | Reached XP level 5. HP: 36/36 MP: 5/5
  2857 | D:4      | Got the Papyrus of Mana
  3122 | D:4      | You fall into a shaft and drop 1 floor!
  3122 | D:5      | Entered Level 5 of the Dungeon
  3162 | D:5      | Reached XP level 6. HP: 19/41 MP: 6/6
  3173 | D:5      | Mangled by an iguana

Illustrated notes

Levels and vault maps discovered:
D:1:      tarquinn_simple_flora_water_f, layout_rooms, minmay_tall_x
D:2:      layout_basic
D:3:      layout_loops_ring, nicolae_figureground_pulse
D:4:      layout_basic
D:5:      layout_basic, lemuel_doored_altar, minmay_misc_feat_room

Skill      XL: |  1  2  3  4  5 |
---------------+----------------+-----
Fighting       | 4 5 6 |  6.0
Shields        | 4 |  4.7
Maces & Flails | |  2.9
Armour         | |  3.2

Action                     |  1- 3 |  4- 6 || total
---------------------------+-------+-------++-------
  Melee: Flail             |   121 |   212 ||   333
  Throw: Stone             |       |    26 ||    26
    Use: Potion            |       |     1 ||     1
 Armour: Scale mail        |   103 |   161 ||   264
  Dodge: Dodged            |    65 |    78 ||   143
  Block: Buckler           |    14 |    40 ||    54
